 Dungeon Crawl Stone Soup version 0.26.1-11-gd32895ea62 (webtiles) character file.

Game seed: 8675139203101874088

565 hawla the Conjurer (level 7, -1/38 HPs)
             Began as a Deep Elf Conjurer on June 28, 2021.
             Was an Initiate of Vehumet.
             Slain by an iguana (14 damage)
             ... on level 6 of the Dungeon on June 29, 2021.
             The game lasted 00:10:37 (5338 turns).

hawla the Conjurer (Deep Elf Conjurer)              Turns: 5338, Time: 00:10:38

Health: -1/38      AC:  3    Str:  4    XL:     7   Next: 10%
Magic:  16/16      EV: 13    Int: 25    God:    Vehumet [......]
Gold:   200        SH:  0    Dex: 13    Spells: 9/16 levels left

rFire    + . .     SeeInvis .   (no weapon)
rCold    . . .     Faith    .   (no shield)
rNeg     . . .     Spirit   .   a - +1 robe
rPois    .         Reflect  .   (no helmet)
rElec    .         Harm     .   (no cloak)
rCorr    .         Rampage  .   (no gloves)
Will     +....                  (no boots)
Stlth    +.........             (no amulet)
HPRegen  0.12/turn              j - ring of willpower
MPRegen  0.15/turn              f - ring of protection from fire

@: confused, mighty, flying, very slightly contaminated
A: no striking features
a: Renounce Religion


You were on level 6 of the Dungeon.
You worshipped Vehumet.
Vehumet was noncommittal.
You visited 2 branches of the dungeon, and saw 6 of its levels.

You collected 200 gold pieces.

Inventory:

Armour
 a - a +1 robe (worn)
Jewellery
 f - a ring of protection from fire (right hand)
 j - a ring of willpower (left hand)
Scrolls
 b - 2 scrolls of teleportation
 h - a scroll of identify
 i - a scroll of enchant weapon
 k - a scroll of remove curse
Potions
 g - a potion of ambrosia


   Skills:
 + Level 1.3 Fighting
 + Level 2.6 Dodging
 + Level 3.0 Stealth
 + Level 5.1 Spellcasting
 + Level 6.8 Conjurations
 + Level 3.0 Translocations
 + Level 3.0 Fire Magic


You had 9 spell levels left.
You knew the following spells:

 Your Spells              Type           Power        Failure   Level
a - Magic Dart            Conj           100%         1%          1
b - Searing Ray           Conj           80%          1%          2
c - Iskenderun's Mystic   Conj/Tloc      30%          11%         4

Your spell library contained the following spells:

 Spells                   Type           Power        Failure   Level
 Dazzling Flash           Conj/Hex       46%          6%          3
 Fulminant Prism          Conj/Hex       11%          21%         4


Dungeon Overview and Level Annotations

Branches:
Dungeon (4/15)             Temple (1/1) D:4

Altars:
Ashenzari
Cheibriados
Dithmenos
Elyvilon
Fedhas
Gozag
Hepliaklqana
Kikubaaqudgha
Makhleb
Nemelex Xobeh
Okawaru
Qazlal
Sif Muna
Uskayaw
Vehumet
Wu Jian
Xom
Yredelemnul
Zin
The Shining One

Annotations:
D:1 can you dig it


Message History

* * * LOW HITPOINT WARNING * * *
The iguana bites you!
* * * LOW HITPOINT WARNING * * *
The orc barely misses you.
You are confused.
You feel invigorated.
The orc wizard hits you with a +0 dagger.
* * * LOW HITPOINT WARNING * * *
The orc wizard closely misses you. The iguana misses you.
The orc barely misses you. The iguana bites you.
* * * LOW HITPOINT WARNING * * *
You bump into the rock wall.
The orc wizard closely misses you. The orc hits you but does no damage.
The orc wizard hits you with a +0 dagger.
* * * LOW HITPOINT WARNING * * *
The iguana barely misses you.
The orc wizard gestures at you while chanting.
You resist with almost no effort.
You're too confused to move!
The iguana bites you!
You die...

####$.. # ....S.# .#.
#######. ... #####
o......# #.#### #...#
o......# #....###
#oo.# o....... .o...
+.>.oo)..
####.#########)######
#...#.##.
..............ol@...+
....#.#
######.#######.######
.###.. # ...# ...# ##
#.. .....# #.#### ..
#......# # ...
...#...# ####.### #.


You could see an iguana, an orc wizard (fast) and an orc.

Vanquished Creatures
  A howler monkey (D:4)
  5 orc wizards
  An orc priest (D:4)
  Natasha (thrice) (D:3)
  2 worker ants
  5 gnolls
  8 adders
  An adder skeleton (D:4)
  3 worms (D:2)
  2 dart slugs (D:1)
  A leopard gecko (D:4)
  15 orcs
  A ball python (D:2)
  6 giant cockroaches
  6 goblins
  7 hobgoblins
  7 jackals
  2 quokkas
  7 bats
  6 frilled lizards
  5 kobolds
  5 rats
99 creatures vanquished.

Notes
Turn   | Place    | Note
-------+----------+-------------------------------------------
     0 | D:1      | hawla the Deep Elf Conjurer began the quest for the Orb.
     0 | D:1      | Reached XP level 1. HP: 10/10 MP: 6/6
   208 | D:1      | Reached XP level 2. HP: 16/16 MP: 5/8
   391 | D:1      | Learned a level 2 spell: Searing Ray
   519 | D:1      | Found a glowing golden altar of the Shining One.
   661 | D:1      | Reached skill level 1 in Translocations
   661 | D:1      | Reached skill level 1 in Fire Magic
   661 | D:1      | Reached XP level 3. HP: 20/20 MP: 3/9
  1728 | D:2      | Reached skill level 1 in Fighting
  1964 | D:2      | Found an iron altar of Okawaru.
  2358 | D:2      | Reached XP level 4. HP: 25/25 MP: 7/11
  2363 | D:2      | Learned a level 4 spell: Iskenderun's Mystic Blast
  2897 | D:3      | Reached skill level 5 in Conjurations
  3128 | D:3      | Reached XP level 5. HP: 29/29 MP: 6/13
  3262 | D:3      | Found a faded altar of an unknown god.
  3309 | D:3      | Found a shadowy altar of Dithmenos.
  3388 | D:3      | Noticed Natasha
  3395 | D:3      | Killed Natasha
  3556 | D:3      | Found a shadowy altar of Dithmenos.
  3782 | D:3      | Noticed Natasha
  3788 | D:3      | Killed Natasha
  3907 | D:3      | Reached XP level 6. HP: 27/34 MP: 6/14
  3910 | D:3      | Reached skill level 6 in Conjurations
  4107 | D:3      | Found a sparkling altar of Nemelex Xobeh.
  4129 | D:3      | Noticed Natasha
  4133 | D:3      | Killed Natasha
  4297 | D:4      | Found a staircase to the Ecumenical Temple.
  4411 | Temple   | Entered the Ecumenical Temple
  4586 | Temple   | Became a worshipper of Vehumet
  4664 | D:4      | Found a snail-covered altar of Cheibriados.
  4945 | D:4      | Reached skill level 5 in Spellcasting
  5293 | D:4      | You fall into a shaft and drop 2 floors!
  5301 | D:6      | Reached XP level 7. HP: 38/38 MP: 3/16
  5333 | D:6      | HP: 1/38 [iguana (8)]
  5338 | D:6      | Slain by an iguana

Illustrated notes

Levels and vault maps discovered:
D:1:      erik_arrival_cave_to_civilisation [erik_arrival_cave_to_temple],
          layout_basic, tso_metal_star
D:2:      layout_loops_ring, kennysheep_okawaru_gauntlet
D:3:      layout_loops_ring, nicolae_overflow_hidden_temple,
          lemuel_coloured_pillars_altar, chequers_ecumenical_altar_simple_redux,
          nicolae_dithmenos_shadow_blocks, uniq_natasha
D:4:      layout_basic, minmay_temple_entry_wispy, cheibriados_altar_1
D:6:      layout_basic
Temple:   regret_index_temple_sphere_string

Skill      XL: |  1  2  3  4  5  6 |
---------------+-------------------+-----
Translocations | 1 2 3 |  3.0
Fire Magic     | 1 2 3 |  3.0
Fighting       | 1 |  1.3
Spellcasting   | 4 5 |  5.1
Conjurations   | 5 6 |  6.8
Stealth        | 3 |  3.0
Dodging        | |  2.6

Action                   |  1- 3 |  4- 6 |  7- 9 || total
-------------------------+-------+-------+-------++-------
Melee: Unarmed           |     2 |     7 |     3 ||    12
 Cast: Magic Dart        |    46 |    20 |       ||    66
       Searing Ray       |    20 |    46 |     3 ||    69
       Iskenderun's Myst |       |     4 |       ||     4
  Use: Scroll            |     2 |     4 |     2 ||     8
       Potion            |       |       |     6 ||     6
Armor: Robe              |     3 |     5 |     2 ||    10
Dodge: Dodged            |     9 |    19 |    12 ||    40
